 Dungeon Crawl Stone Soup version 0.23-a0-556-g351818a (webtiles) character file.

257 Geeful the Sneak (level 6, -5/36 HPs)
             Began as an Octopode Earth Elementalist on Dec 10, 2018.
             Slain by a wyvern zombie (15 damage)
             ... on level 3 of the Dungeon.
             The game lasted 00:05:10 (1790 turns).

Geeful the Sneak (Octopode Earth Elementalist)      Turns: 1790, Time: 00:05:10

Health: -5/36      AC:  1    Str:  7    XL:     6   Next: 16%
Magic:  1/11       EV: 14    Int: 20    God:
Gold:   158        SH:  0    Dex: 12    Spells: 5/11 levels left

rFire    . . .     SeeInvis .   e - +2 dagger (flame)
rCold    . . .     Gourm    .   (no shield)
rNeg     . . .     Faith    .   (helmet restricted)
rPois    .         Spirit   .   (no amulet)
rElec    .         Reflect  .   d - ring of resist corrosion
rCorr    +         Harm     .   (no ring)
MR       .....                  (no ring)
Stlth    ++++......             (no ring)
HPRegen  0.12/turn              (no ring)
MPRegen  0.12/turn              (no ring)
                                (no ring)
                                (no ring)

@: very slightly contaminated
A: almost no armour, stealthy swim, amphibious, 8 rings, constrict 8, camouflage
1, gelatinous body 1
a: no special abilities


You were on level 3 of the Dungeon.
You were not hungry.

You visited 1 branch of the dungeon, and saw 3 of its levels.

You collected 158 gold pieces.

Inventory:

Hand Weapons
 a - a +0 dagger
 e - a +2 dagger of flaming (weapon)
Missiles
 b - 150 stones (quivered)
Jewellery
 d - a ring of resist corrosion (left tentacle)
Potions
 g - a potion of heal wounds {unknown}
 h - a potion of lignification {unknown}
Comestibles
 c - 4 rations


   Skills:
 + Level 3.5 Dodging
 + Level 4.9 Stealth
 + Level 3.3 Spellcasting
 - Level 1.0 Transmutations
 + Level 4.2 Earth Magic


You had 5 spell levels left.
You knew the following spells:

 Your Spells              Type           Power        Failure   Level  Hunger
a - Sandblast             Erth           ###...       2%          1    None
b - Passwall              Tmut/Erth      ##......     7%          2    ##.....
c - Stone Arrow           Conj/Erth      ##....       17%         3    ###....

Your spell library contained the following spells:

 Spells                   Type           Power        Failure   Level  Hunger
 Petrify                  Tmut/Erth      ##......     43%         4    ####...
 Lee's Rapid Deconstruct  Erth           ###.......   56%         5    ######.


Dungeon Overview and Level Annotations

Branches:
Dungeon (3/15)

Altars:


Innate Abilities, Weirdness & Mutations

You cannot wear most types of armour.
You are very stealthy in the water. (Stealth+)
You are amphibious.
You can wear up to eight rings at the same time.
You can use your tentacles to constrict eight enemies at once.
Your skin changes colour to match your surroundings (Stealth+).
Your rubbery body absorbs attacks. (AC +1, EV +1)


Message History

The wyvern zombie barely misses you.
Casting: Stone Arrow (safe; 17% risk of failure)
Confirm with . or Enter, or press ? or * to list all spells.
Aiming: Stone Arrow (safe; 17% risk of failure)
Press: ? - help, Shift-Dir - straight line, f/p - wyvern zombie
Aim: a wyvern zombie (moderately damaged)
The stone arrow hits the wyvern zombie.
The wyvern zombie is heavily damaged.
The wyvern zombie bites you.
Casting: Stone Arrow (safe; 17% risk of failure)
Confirm with . or Enter, or press ? or * to list all spells.
Aiming: Stone Arrow (safe; 17% risk of failure)
Press: ? - help, Shift-Dir - straight line, f/p - wyvern zombie
Aim: a wyvern zombie (heavily damaged)
You miscast Stone Arrow.
You are very lightly contaminated with residual magic.
Strange energies run through your body. The wyvern zombie bites you!
* * * LOW HITPOINT WARNING * * *
The wyvern zombie bites you!
You die...

### .. ###.# #...# #
#...####.#
#.####........
#...Z@.........
#..###....###.#
###.........# #.#
...#.####...###.#
#..####..>....#
##.........#..#
#..#.......#..#
#............########
#........##..........


You could see a wyvern zombie.

Vanquished Creatures
  Sigmund (D:3)
  3 adders (D:2)
  2 oozes (D:1)
  2 worms
  3 dart slugs
  8 bats
  4 giant cockroaches
  7 goblins
  7 hobgoblins
  3 jackals (D:1)
  A quokka (D:3)
  2 ball pythons (D:2)
  3 frilled lizards
  A kobold (D:1)
  4 rats
51 creatures vanquished.

Notes
Turn   | Place    | Note
-------+----------+-------------------------------------------
     0 | D:1      | Geeful the Octopode Earth Elementalist began the quest for
                  | the Orb.
     0 | D:1      | Reached XP level 1. HP: 11/11 MP: 3/3
    54 | D:1      | Reached XP level 2. HP: 17/17 MP: 5/5
   630 | D:1      | Reached XP level 3. HP: 18/21 MP: 6/6
   879 | D:2      | Reached XP level 4. HP: 27/27 MP: 7/7
  1665 | D:3      | Noticed Sigmund
  1673 | D:3      | Learned a level 2 spell: Passwall
  1677 | D:3      | Learned a level 3 spell: Stone Arrow
  1687 | D:3      | Killed Sigmund
  1687 | D:3      | Reached XP level 5. HP: 22/31 MP: 1/10
  1687 | D:3      | Reached XP level 6. HP: 25/36 MP: 1/11
  1790 | D:3      | Slain by a wyvern zombie

Vault maps used:
D:1:      dpeg_arrival_round_c
D:2:      minmay_misc_feat_doors, feat_on_display
D:3:      chequers_serial_rivers_small_a, uniq_sigmund, uniq_crazy_yiuf_cottage

Skill      XL: |  1  2  3  4 |
---------------+-------------+-----
Stealth        | 3 4 |  4.9
Dodging        | 3 |  3.5
Spellcasting   | 3 |  3.3
Earth Magic    | 4 |  4.2
Transmutations | |  1.0

Action                   |  1- 3 |  4- 6 || total
-------------------------+-------+-------++-------
Melee: Dagger            |    51 |    44 ||    95
       Tentacles         |    10 |     5 ||    15
       Constrict         |     6 |     9 ||    15
       Unarmed           |     1 |       ||     1
 Cast: Sandblast         |     4 |     2 ||     6
       Stone Arrow       |       |     3 ||     3
  Use: Scroll            |     3 |     1 ||     4
 Stab: Sleeping          |    15 |    10 ||    25
  Eat: Chunk             |       |     3 ||     3
Armor: Skin              |     6 |     4 ||    10
Dodge: Dodged            |    28 |    19 ||    47

Table legend:
 A = Non-vault XP
 B = Vault XP
 C = Vault XP percentage of total XP
 D = Non-vault monster count
 E = Vault monster count
 F = Vault count percentage of total count
                 A         B        C        D         E       F
            +---------+---------+-------+---------+---------+-------
      Total |     141 |     227 |  61.7 |      50 |       1 |   2.0
            +---------+---------+-------+---------+---------+-------
        D:1 |      56 |       0 |   0.0 |      26 |       0 |   0.0
        D:2 |      75 |       0 |   0.0 |      20 |       0 |   0.0
        D:3 |      10 |     227 |  95.8 |       4 |       1 |  20.0
            +---------+---------+-------+---------+---------+-------
